 Seeded DCSS version 0.31.0-12-g77e489cdc1 (webtiles) character file.

Game seed: 8421772382647293069 (custom seed)

15 n00bmints the Trooper (level 2, 0/27 HPs)
             Began as a Minotaur Berserker on Feb 17, 2024.
             Was a Follower of Trog.
             Slain by an adder (2 damage)
             ... on level 2 of the Dungeon.
             The game lasted 00:01:08 (694 turns).

n00bmints the Trooper (Minotaur Berserker)           Turns: 694, Time: 00:01:13

Health: 0/27       AC:  2    Str: 21    XL:     2   Next: 34%
Magic:  1/1        EV: 12    Int:  4    God:    Trog [*.....]
Gold:   23         SH:  0    Dex:  9    Spells: 1/1 levels left

rFire   . . .        a - +0 mace
rCold   . . .        (no shield)
rNeg    . . .        b - +0 animal skin
rPois   .            (helmet restricted)
rElec   .            (no cloak)
rCorr   .            (no gloves)
SInv    .            (no boots)
Will    .....        (no amulet)
Stlth   +            (no ring)
HPRegen 0.24/turn    (no ring)
MPRegen 0.07/turn

%: no passive effects
@: lethally poisoned (0 -> -4)
A: horns 2, retaliatory headbutt
a: Renounce Religion, Berserk


You were on level 2 of the Dungeon.
You worshipped Trog.
Trog was aware of your devotion.
You visited 1 branch of the dungeon, and saw 2 of its levels.

You collected 23 gold pieces.

Inventory:

Hand Weapons
 a - a +0 mace (weapon)
Armour
 b - a +0 animal skin (worn)
Scrolls
 d - a scroll of summoning {unknown}
 f - 2 scrolls of teleportation {unknown}
 g - a scroll of enchant weapon {unknown}
Potions
 c - a potion of enlightenment {unknown}
 e - a potion of mutation {unknown}


   Skills:
 + Level 4.1 Fighting
 + Level 4.0 Maces & Flails
 + Level 2.6 Armour
 + Level 2.2 Dodging


You had one spell level left.
You didn't know any spells.
Your spell library was empty.

Dungeon Overview and Level Annotations

Branches:
Dungeon (2/15)

Altars:
Vehumet


Innate Abilities, Weirdness & Mutations

You have a pair of horns on your head.
You reflexively headbutt those who attack you in melee.


Message History

The adder closely misses you. The adder bites you but does no damage.
You see here a jackal corpse.
The ball python bites you but does no damage.
The ball python barely misses you. The adder misses you.
You furiously retaliate!
You headbutt the adder, but do no damage.
The ball python closely misses you. The ball python barely misses you.
The adder closely misses you. The ball python closely misses you.
The ball python barely misses you. The adder bites you. The adder bites you.
You are poisoned.
The adder poisons you! The ball python closely misses you.
The ball python barely misses you. The adder bites you but does no damage.
Found a scroll labelled KUUNNEKK ZUIR.
You feel sick. The adder misses you.
The ball python bites you but does no damage.
The ball python grabs you. The ball python constricts you.
You barely miss the ball python.
You feel sick. The adder bites you. The ball python bites you.
The ball python constricts you. The adder barely misses you.
The adder bites you.
You hit the ball python.
You kill the ball python!
Trog accepts your kill.
You feel sick.
You are no longer poisoned.
The adder misses you. You furiously retaliate!
You headbutt the adder. The adder barely misses you. The adder bites you.
You completely miss the adder.
The adder is moderately wounded.
The adder misses you. The adder bites you.
* * * LOW HITPOINT WARNING * * *
The adder barely misses you. The adder bites you.
* * * LOW HITPOINT WARNING * * *
You barely miss the adder. Your headbutt misses the adder.
The adder is moderately wounded.
The adder closely misses you. The adder bites you.
* * * LOW HITPOINT WARNING * * *
You are lethally poisoned!
The adder poisons you! The adder bites you.
You die...

........h.>
..._......###
#?..........#
#......##...# #..
#..#....## #...
#...#.<.######
#...##.††#.........
#.....S.......###
#....@S.........#####
#...###...##........##
....##
#.#.......#....# ###
#.#####......... #.#
######.... #.. #.#..
### ##.#.# #####..#.#
#.<...##.#


You could see 2 adders.

Vanquished Creatures
  2 ball pythons (D:2)
  A bat (D:1)
  An endoplasm (D:1)
  A goblin (D:1)
  3 hobgoblins (D:1)
  2 jackals (D:2)
  A frilled lizard (D:1)
  A kobold (D:1)
12 creatures vanquished.

Notes
Turn   | Place    | Note
-------+----------+-------------------------------------------
     0 | D:1      | n00bmints the Minotaur Berserker began the quest for the
                  | Orb.
     0 | D:1      | Reached XP level 1. HP: 19/19 MP: 0/0
   412 | D:1      | Reached XP level 2. HP: 27/27 MP: 1/1
   414 | D:1      | Found a faded altar of an unknown god.
   679 | D:2      | Found a radiant altar of Vehumet.
   694 | D:2      | Slain by an adder

Illustrated notes

Levels and vault maps discovered:
D:1:      mushboom_english_gardens, layout_basic,
          dilly_ecumenical_altar_fadedgnrine
D:2:      layout_rooms, basic_altar, serial_shops, shop, minmay_door_square,
          patterned_corridor

Skill      XL: |  1  2 |
---------------+-------+-----
Fighting       | 4 |  4.1
Maces & Flails | 4 |  4.0
Armour         | |  2.6
Dodging        | |  2.2

Action                     || total
---------------------------++-------
  Melee: Mace              ||    21
         Headbutt          ||     1
 Armour: Animal skin       ||    27
  Dodge: Dodged            ||    37
